cohdb
Replays
Latest Replays
All Replays
Popular Replays
Top Player Replays
Match Explorer
How It Works
Community
CoH3 Stats
Reddit
Sign in to upload your games and track your stats! →
Sign in with Steam
Match 36817523
Unlisted
Match 36817523
Overview
Messages
Build Orders
End
Construct Section Command Post
ML 3-inch Mortar Team
Infantry Section
Infantry Section
Vickers Machine Gun Team
Construct Field Infirmary
Grenade Package
Selects Air and Sea Battlegroup
Selects Supply Surplus
Construct Resource Cache
Construct Platoon Command Post
banksss33
Ghost
Buggy.
CHMA | semouryhit2
Hydroxylpentanol
GANDX
0
0
Comments
sign in to comment!
No comments posted yet!